 Dungeon Crawl Stone Soup version 0.29.1-13-g9f3cf754e1 (webtiles) character file.

Game seed: 998243865703460120

74 protoss039 the Digger (level 4, 0/33 HPs)
             Began as a Demonspawn Earth Elementalist on Feb 9, 2023.
             Slain by an orc wizard
             ... wielding a +0 dagger
              (1 damage)
             ... on level 2 of the Dungeon.
             The game lasted 00:03:38 (2336 turns).

protoss039 the Digger (DsEE)                        Turns: 2336, Time: 00:03:39

Health: 0/33       AC:  2    Str:  9    XL:     4   Next: 9%
Magic:  0/8        EV: 12    Int: 18    God:
Gold:   61         SH:  4    Dex: 13    Spells: 5/8 levels left

rFire   . . .      SeeInvis .   j - +0 spear
rCold   + . .      Faith    .   (no shield)
rNeg    . . .      Spirit   .   a - +0 robe
rPois   .          Reflect  .   (no helmet)
rElec   .          Harm     .   (no cloak)
rCorr   .          Rampage  .   (no gloves)
Will    .....                   (no boots)
Stlth   ++........              (no amulet)
HPRegen 0.11/turn               e - ring of protection from cold
MPRegen 0.11/turn               (no ring)

@: no status effects
A: large bone plates 1, demonic touch 1
a: no special abilities


You were on level 2 of the Dungeon.
You visited 1 branch of the dungeon, and saw 3 of its levels.

You collected 61 gold pieces.

Inventory:

Hand Weapons
 j - a +0 spear (weapon)
Armour
 a - a +0 robe (worn)
 i - a +1 cloak
Magical Staves
 n - a staff of earth
Jewellery
 e - a ring of protection from cold (left hand)
Scrolls
 f - a scroll of fear {unknown}
 h - 2 scrolls of identify {unknown}
 o - a scroll of summoning {unknown}
Potions
 b - a potion of magic
 c - a potion of lignification {unknown}
 g - 2 potions of haste {unknown}
 k - a potion of brilliance {unknown}
 l - a potion of flight {unknown}
 m - a potion of degeneration {unknown}


   Skills:
 + Level 2.0 Fighting
 - Level 1.7 Dodging
 - Level 1.7 Stealth
 + Level 2.8 Spellcasting
 - Level 0.8 Transmutations
 + Level 3.4 Earth Magic


You had 5 spell levels left.
You knew the following spells:

 Your Spells              Type           Power      Damage    Failure   Level
a - Sandblast             Erth           28%        2d8       4%          1
b - Passwall              Tmut/Erth      8%         N/A       11%         2

Your spell library contained the following spells:

 Spells                   Type           Power      Damage    Failure   Level
 Stone Arrow              Conj/Erth      16%        3d8       24%         3
 Gell's Gravitas          Tloc           2%         N/A       45%         3
 Lesser Beckoning         Tloc           2%         N/A       45%         3
 Teleport Other           Tloc           2%         N/A       45%         3
 Petrify                  Tmut/Erth      10%        N/A       56%         4
 Animate Armour           Summ/Erth      16%        N/A       63%         4
 Lehudib's Crystal Spear  Conj/Erth      4%         10d3      100%        8


Dungeon Overview and Level Annotations

Branches:
Dungeon (3/15) Zot: 15635

Altars:

Shops:
D:1 (   D:3 =:


Innate Abilities, Weirdness & Mutations

You are partially covered in large bone plates. (SH +4)
Your touch may inflict minor irresistible damage on your foes.


Message History

The magic dart hits you.
Unknown command.
Casting: Sandblast (safe; 4% risk of failure)
Confirm with . or Enter, or press ? or * to list all spells.
You don't know that spell.
Casting: Sandblast (safe; 4% risk of failure)
Confirm with . or Enter, or press ? or * to list all spells.
Aiming: Sandblast (safe; 4% risk of failure)
Press: ? - help, Shift-Dir - straight line The blast of sand hits something!
Something hits you.
* * * LOW HITPOINT WARNING * * *
Something hits you.
* * * LOW HITPOINT WARNING * * *
Unknown command.
Casting: Sandblast (safe; 4% risk of failure)
Confirm with . or Enter, or press ? or * to list all spells.
Aiming: Sandblast (safe; 4% risk of failure)
Press: ? - help, Shift-Dir - straight line Something hits you.
* * * LOW HITPOINT WARNING * * *
Something hits you but does no damage. Something hits you.
* * * LOW HITPOINT WARNING * * *
Something hits you but does no damage.
Casting: Sandblast (safe; 4% risk of failure)
Confirm with . or Enter, or press ? or * to list all spells.
Aiming: Sandblast (safe; 4% risk of failure)
Press: ? - help, Shift-Dir - straight line Something hits you.
* * * LOW HITPOINT WARNING * * *
Something hits you but does no damage.
Unknown command.
Unknown command.
Okay, then.
Casting: Sandblast (safe; 4% risk of failure)
Confirm with . or Enter, or press ? or * to list all spells.
You don't have enough magic to cast this spell.
You barely miss something. Your touch misses something. Something hits you.
* * * LOW HITPOINT WARNING * * *
Something hits you.
You die...

#...........#.#.# #.
#.##.#.##.##.##.###.
###.##....#.##........
#[......#.#...<...#### ##########
#.#.##....#####.###
....>....###.#.##.#.## #.#
########............# ##.## ###
#####.##.#.### #...# ..#
#....@{.# #...# ..# #....{.>#
#...# ..# #.##.##.# #...# ..#
##....##.# #...#
..#########........# #...#
..##.....##...###..######...#####
..##.....##......................
####.............................
#.....##....##................


There were no monsters in sight!

Vanquished Creatures
  3 adders (D:2)
  A gnoll (D:1)
  A worm (D:2)
  A dart slug (D:1)
  2 orcs (D:3)
  3 endoplasms
  2 giant cockroaches
  2 goblins
  A hobgoblin (D:1)
  5 ball pythons
  4 bats (D:1)
  2 frilled lizards (D:2)
  3 kobolds
  2 rats
32 creatures vanquished.

Notes
Turn   | Place    | Note
-------+----------+-------------------------------------------
     0 | D:1      | protoss039 the Demonspawn Earth Elementalist began the
                  | quest for the Orb.
     0 | D:1      | Reached XP level 1. HP: 13/13 MP: 3/3
   336 | D:1      | Reached skill level 1 in Fighting
   336 | D:1      | Reached skill level 3 in Earth Magic
   336 | D:1      | Gained mutation: You are partially covered in large bone
                  | plates. (SH +4) [demonic ancestry]
   336 | D:1      | Reached XP level 2. HP: 17/21 MP: 0/5
   714 | D:1      | Found Dyepoiv's Weapon Emporium.
  1286 | D:1      | Learned a level 2 spell: Passwall
  1314 | D:2      | Reached XP level 3. HP: 23/26 MP: 0/6
  2086 | D:2      | Gained mutation: Your touch may inflict minor irresistible
                  | damage on your foes. [demonic ancestry]
  2086 | D:2      | Reached XP level 4. HP: 27/33 MP: 8/8
  2308 | D:3      | Found Yfefar's Jewellery Shop.
  2313 | D:3      | Found Duxeum's Book Boutique.
  2335 | D:2      | HP: 1/33 [something (2)]
  2336 | D:2      | Slain by an orc wizard

Illustrated notes

Levels and vault maps discovered:
D:1:      dpeg_arrival_tiny_e, layout_basic, serial_shops, shop, minmay_domino_4
D:2:      layout_loops_cross, serial_bayou_crossing
D:3:      mumra_celtic_spiral_tile, layout_loops_cross, serial_shops, shop,
          nicolae_shop_advertising_works [nicolae_subvault_shop_adworks], shop,
          nicolae_shop_waterfront, nicolae_shop_crystal, uniq_pargi

Skill      XL: |  1  2  3  4 |
---------------+-------------+-----
Fighting       | 1 2 |  2.0
Earth Magic    | 3 |  3.4
Dodging        | |  1.7
Stealth        | |  1.7
Spellcasting   | |  2.8
Transmutations | |  0.8

Action                   |  1- 3 |  4- 6 || total
-------------------------+-------+-------++-------
Melee: Dagger            |     6 |       ||     6
       Spear             |    67 |     4 ||    71
       Touch             |       |     1 ||     1
 Cast: Sandblast         |    20 |    11 ||    31
  Use: Potion            |       |     3 ||     3
 Stab: Sleeping          |     6 |     1 ||     7
Armor: Robe              |    19 |     6 ||    25
Dodge: Dodged            |    48 |    15 ||    63
Block: Other             |    10 |     4 ||    14
